[Event "*** Titled Tuesday Blitz"]
[Site "Chess.com"]
[Date "2019.12.03"]
[Round "3"]
[White "Witik"]
[Black "Vyacheslav_N"]
[Result "1/2-1/2"]
[WhiteElo "2601"]
[BlackElo "2436"]
[TimeControl "180+2"]
[EndTime "13:34:03 PST"]
[Termination "Game drawn by repetition"]

1. d4 f5 2. g3 Nf6 3. Bg2 g6 4. c3 Bg7 5. Qb3 e6 6. Nd2 O-O 7. Nh3 Kh8 8. Nf4 d5 9. h4 Qe8 10. h5 g5 11. h6 Bxh6 12. Rxh6 gxf4 13. Nf3 Ng4 14. Rh4 fxg3 15. fxg3 Nc6 16. Bf4 Rf7 17.
O-O-O Rg7 18. Rdh1 Nf2 19. R1h2 Ng4 20. Rh1 Nf2 21.
Rf1 Ne4 22. Rfh1 Nf2 1/2-1/2

[Event "*** Titled Tuesday Blitz"]
[Site "Chess.com"]
[Date "2019.12.03"]
[Round "3"]
[White "HrvojeZagreb"]
[Black "vlad10898"]
[Result "0-1"]
[WhiteElo "2220"]
[BlackElo "2682"]
[TimeControl "180+2"]
[EndTime "13:34:16 PST"]
[Termination "vlad10898 won by resignation"]

1. d4 Nf6 2. Bf4 g6 3. Nc3 d5 4. e3 Bg7 5. h4 c5 6. Nb5 Na6 7.
c3 Bd7 8. a4 Qa5 9. dxc5 O-O 10. Nf3 Ne4 11. Rc1 Naxc5 12. b4 Qxa4 13. Qxd5 Bxb5 14.
Bxb5 Qxb5 15. bxc5 Bxc3+ 16. Rxc3 Nxc3 0-1

[Event "*** Titled Tuesday Blitz"]
[Site "Chess.com"]
[Date "2019.12.03"]
[Round "3"]
[White "HouseOfDurin"]
[Black "PowerThinking2650"]
[Result "0-1"]
[WhiteElo "2094"]
[BlackElo "2347"]
[TimeControl "180+2"]
[EndTime "13:34:23 PST"]
[Termination "PowerThinking2650 won by resignation"]

1. d4 Nf6 2. Bg5 g6 3. Bxf6 exf6 4. e3 f5 5. c4 Bg7 6. g3 O-O 7. Bg2 d6 8. Nc3 c6 9. Nge2 Nd7 10. O-O h5 11. h4 Nf6 12. b4 a6 13. a4 Re8 14.
Qc2 Ng4 15. b5 Bd7 16. bxc6 bxc6 17. a5 g5 18. hxg5 Qxg5 19. c5 h4 20. e4 hxg3 21. fxg3 Qe3+ 22. Kh1 Qh6+ 0-1

[Event "*** Titled Tuesday Blitz"]
[Site "Chess.com"]
[Date "2019.12.03"]
[Round "3"]
[White "Astaneh"]
[Black "norwaytoadog"]
[Result "1-0"]
[WhiteElo "2565"]
[BlackElo "2298"]
[TimeControl "180+2"]
[EndTime "13:34:33 PST"]
[Termination "Astaneh won by checkmate"]

1. d4 Nf6 2. c4 e6 3. g3 Bb4+ 4. Nd2 O-O 5. Bg2 c5 6. a3 Bxd2+ 7. Qxd2 cxd4 8. Nf3 Nc6 9. Nxd4 a6 10. O-O Qc7 11.
b4 Rb8 12. Bb2 Ne7 13. Rac1 b6 14. b5 a5 15. a4 Bb7 16. Bxb7 Rxb7 17. Ba3 d6 18.
Rfd1 Rc8 19. Qd3 Ng6 20. Nf3 d5 21. cxd5 Qb8 22. dxe6 fxe6 23. Rxc8+ Qxc8 24. Qd8+ Qxd8 25. Rxd8+ Kf7 26. Ng5# 1-0

[Event "*** Titled Tuesday Blitz"]
[Site "Chess.com"]
[Date "2019.12.03"]
[Round "3"]
[White "Korchmar_Vasiliy"]
[Black "Philosopherrr"]
[Result "1-0"]
[WhiteElo "2746"]
[BlackElo "2440"]
[TimeControl "180+2"]
[EndTime "13:34:49 PST"]
[Termination "Korchmar_Vasiliy won by resignation"]

1. d4 Nf6 2. c4 e6 3. g3 c5 4. d5 exd5 5. cxd5 d6 6. Nc3 g6 7. Bg2 Bg7 8. Nf3 O-O 9. O-O Re8 10. Bf4 Bf5 11. Bg5 Nbd7 12. Nh4 h6 13. Nxf5 gxf5 14. Bf4 Ne5 15. Qd2 h5 16. Bg5 Qd7 17. Bh3 b5 18. Qf4 Nfg4 19. f3 Ng6 20. Qd2 Ne3 21. Rf2 Bd4 22. Ne4 Ng4 23. Bxg4 hxg4 24. Qxd4 Rxe4 25.
Qf6 gxf3 26. exf3 Ree8 27. Bh6 1-0

[Event "*** Titled Tuesday Blitz"]
[Site "Chess.com"]
[Date "2019.12.03"]
[Round "3"]
[White "Bigfish1995"]
[Black "Olga_Zhuravleva"]
[Result "1-0"]
[WhiteElo "2989"]
[BlackElo "2238"]
[TimeControl "180+2"]
[EndTime "13:34:55 PST"]
[Termination "Bigfish1995 won by checkmate"]

1. d4 g6 2. h4 Nf6 3. c4 d6 4. Nc3 Bg7 5. e4 O-O 6. Be2 Nc6 7. d5 Ne5 8. h5 e6 9. f4 Ned7 10. dxe6 fxe6 11. hxg6 hxg6 12. Nf3 Nc5 13. Ng5 e5 14. fxe5 dxe5 15. Qxd8 Rxd8 16. Nd5 Nxd5 17. cxd5 Bf6 18. b4 Na4 19. d6 cxd6 20. Bc4+ Kf8 21. Nh7+ Ke7 22.
Nxf6 Kxf6 23. O-O+ Kg7 24. Rf7+ Kh8 25. Bg5 Nb6 26. Bf6+ Kg8 27. Rg7+ Kf8 28. Rg8# 1-0

[Event "*** Titled Tuesday Blitz"]
[Site "Chess.com"]
[Date "2019.12.03"]
[Round "3"]
[White "Bad4life"]
[Black "crazy_machine"]
[Result "0-1"]
[WhiteElo "2406"]
[BlackElo "2651"]
[TimeControl "180+2"]
[EndTime "13:35:07 PST"]
[Termination "crazy_machine won on time"]

1. e4 d6 2. d4 Nf6 3. Nc3 g6 4. f4 Bg7 5. Nf3 O-O 6. e5 Nfd7 7. Bc4 Nb6 8. Bb3 Nc6 9. a4 Na5 10. Ba2 c5 11. Be3 Nac4 12. Bc1 cxd4 13. a5 dxc3 14. axb6 cxb2 15. Bxb2 Nxb2 16. Qd4 Qxb6 17. Qxb6 axb6 18. Bxf7+ Kxf7 19. Rxa8 Nc4 20. Ng5+ Kg8 21. exd6 exd6 22. O-O h6 23. Nf3 Bf5 24. Rxf8+ Kxf8 25. Ne1 Bd4+ 26.
Kh1 Nd2 0-1

[Event "*** Titled Tuesday Blitz"]
[Site "Chess.com"]
[Date "2019.12.03"]
[Round "3"]
[White "raswi"]
[Black "INLOVEWITHF"]
[Result "0-1"]
[WhiteElo "2227"]
[BlackElo "2431"]
[TimeControl "180+2"]
[EndTime "13:35:08 PST"]
[Termination "INLOVEWITHF won by resignation"]

1. e4 e5 2. Nf3 Nc6 3. Bb5 a6 4. Ba4 d6 5. c3 f5 6. exf5 Bxf5 7. O-O Bd3 8. Re1 Be7 9. Re3 e4 10. Nd4 Nf6 11. Nxc6 bxc6 12. Bxc6+ Kf7 13. Na3 d5 14. Nc2 Rb8 15. Nd4 Qd6 16. b4 h5 17. h3 Ng4 18.
Rg3 Nxf2 19. Qe1 Qxg3 20. Bxd5+ Kg6 21. Qxf2 Qxf2+ 22. Kxf2 Rhf8+ 23. Kg3 Bd6+ 24. Kh4 Be7+ 0-1

[Event "*** Titled Tuesday Blitz"]
[Site "Chess.com"]
[Date "2019.12.03"]
[Round "3"]
[White "pedromartinez91"]
[Black "Bagirova"]
[Result "1-0"]
[WhiteElo "2514"]
[BlackElo "2114"]
[TimeControl "180+2"]
[EndTime "13:35:11 PST"]
[Termination "pedromartinez91 won by resignation"]

1. Nf3 Nf6 2. g3 g6 3. Bg2 Bg7 4. O-O O-O 5. d4 d6 6. c4 c6 7.
Nc3 Bg4 8. h3 Bxf3 9. Bxf3 Nbd7 10. e3 e5 11. Bg2 Qe7 12. Re1 Nb6 13. b3 Rad8 14. Ba3 Qc7 15. dxe5 dxe5 16. Qe2 Rfe8 17. Rad1 a6 18. g4 Nbd7 19. g5 Nh5 20. Ne4 Qa5 21. Qb2 f5 22. b4 Qc7 23. Nd6 Rf8 24. c5 f4 25. Qb3+ Kh8 26. Nf7+ Rxf7 27. Qxf7 f3 28.
Bxf3 Rf8 29. Qxd7 Qxd7 30. Rxd7 Rxf3 31. Bb2 Kg8 32. Kg2 Rf5 33. h4 h6 34. gxh6 Bxh6 35. Red1 Nf6 36. Rxb7 Ng4 37. Rd8+ Bf8 38. Rbb8 Rxf2+ 39. Kg3 1-0

[Event "*** Titled Tuesday Blitz"]
[Site "Chess.com"]
[Date "2019.12.03"]
[Round "3"]
[White "VladimirBelous"]
[Black "SmirnovAlexandrA"]
[Result "1-0"]
[WhiteElo "2733"]
[BlackElo "2382"]
[TimeControl "180+2"]
[EndTime "13:35:15 PST"]
[Termination "VladimirBelous won by resignation"]

1. c4 Nf6 2. g3 g6 3. Bg2 Bg7 4. Nf3 O-O 5. O-O d6 6. d3 e5 7. Nc3 Nc6 8. Rb1 a5 9. a3 Ne8 10. b4 axb4 11. axb4 f5 12. b5 Ne7 13. Qb3 h6 14.
Bb2 Kh7 15. Ra1 Rxa1 16. Rxa1 Nf6 17. Ra8 g5 18. c5 Ng6 19. Nd2 Qe7 20. Ra7 dxc5 21.
Bxb7 Bxb7 22. Rxb7 Qd8 23. Na4 f4 24. Nxc5 fxg3 25.
hxg3 Ng4 26. Ne6 Qf6 27. Ne4 Qf5 28. Rxc7 Rg8 29. Rf7 1-0

[Event "*** Titled Tuesday Blitz"]
[Site "Chess.com"]
[Date "2019.12.03"]
[Round "3"]
[White "CzechmVIII"]
[Black "Ceejay271"]
[Result "1-0"]
[WhiteElo "2140"]
[BlackElo "2326"]
[TimeControl "180+2"]
[EndTime "13:35:19 PST"]
[Termination "CzechmVIII won by checkmate"]

1. e4 c5 2. Nf3 Nc6 3. Nc3 d6 4.
d4 cxd4 5. Nxd4 Nf6 6. Bc4 e6 7. Be3 Be7 8. Qe2 a6 9. O-O-O Qc7 10.
Bb3 Na5 11. g4 b5 12. g5 Nxb3+ 13. axb3 Nd7 14. h4 b4 15. Na4 Nc5 16. h5 Bd7 17. Kb1 Bxa4 18. bxa4 Nxa4 19. g6 Bf6 20. gxf7+ Kxf7 21.
Qg4 Rhe8 22. f4 Nxb2 23. e5 dxe5 24. fxe5 Qxe5 25. Bf4 Qa5 26. Nb3 Qa3 27. Rd7+ Kg8 28.
Bc1 a5 29. Rg1 Kh8 30. Rxg7 Rg8 31. Rxg8+ Rxg8 32. Qxg8# 1-0

[Event "*** Titled Tuesday Blitz"]
[Site "Chess.com"]
[Date "2019.12.03"]
[Round "3"]
[White "Eltaj_Safarli"]
[Black "oskariot"]
[Result "1-0"]
[WhiteElo "2994"]
[BlackElo "2696"]
[TimeControl "180+2"]
[EndTime "13:35:24 PST"]
[Termination "Eltaj_Safarli won by checkmate"]

1. e4 e6 2. d4 d5 3. Nd2 c5 4. Ngf3 Nf6 5. e5 Nfd7 6. c3 Nc6 7. Bd3 Be7 8. O-O Qb6 9. Re1 a5 10. a4 cxd4 11. cxd4 Nb4 12. Bb1 Qa6 13. Ra3 Nb6 14. h4 Bd7 15. Rc3 Nxa4 16. Rce3 Rc8 17. Ng5 Bxg5 18.
hxg5 Qc6 19. Nf1 Nc2 20. Bxc2 Qxc2 21. Qh5 Qg6 22. Qh4 O-O 23. Nh2 Rc2 24. Rb3 Rfc8 25. Bf4 Rxb2 26. Ra3 Rb1 27. Bd2 Rxe1+ 28. Bxe1 Rc1 29.
Re3 Nb2 30. Nf1 Nc4 31. Re2 Qd3 32. g6 Qxe2 33. Qd8+ Be8 34. Qxe8# 1-0

[Event "*** Titled Tuesday Blitz"]
[Site "Chess.com"]
[Date "2019.12.03"]
[Round "3"]
[White "Orest_Vovk"]
[Black "Heineccius"]
[Result "0-1"]
[WhiteElo "2310"]
[BlackElo "2640"]
[TimeControl "180+2"]
[EndTime "13:35:30 PST"]
[Termination "Heineccius won by resignation"]

1. h4 Nf6 2. h5 h6 3. Nc3 e5 4. d4 exd4 5. Qxd4 Nc6 6. Qa4 Bc5 7. Nf3 d5 8. Bf4 Bd7 9. O-O-O Nd4 10. Qxd4 Bxd4 11. Rxd4 c5 12. Rxd5 Nxd5 13. Nxd5 O-O 14. Bc7 Qe8 15. Bd6 Qe6 16. Bxf8 Qxd5 17. Be7 Qxa2 18.
e4 Bc6 19. Nd2 Qa1+ 20. Nb1 Bxe4 21. f3 Re8 22. Bxc5 Bxf3 23. Bf2 Bd5 24. Bd3 Ba2 25. c3 Re2 0-1

[Event "*** Titled Tuesday Blitz"]
[Site "Chess.com"]
[Date "2019.12.03"]
[Round "3"]
[White "BillieKimbah"]
[Black "Gennady_Kozlov"]
[Result "0-1"]
[WhiteElo "2713"]
[BlackElo "2551"]
[TimeControl "180+2"]
[EndTime "13:35:32 PST"]
[Termination "Gennady_Kozlov won by resignation"]

1. d4 Nf6 2. c4 e6 3. Nc3 Bb4 4.
f3 d5 5. a3 Bxc3+ 6. bxc3 O-O 7. cxd5 exd5 8. e3 Bf5 9. Ne2 c6 10. g4 Bg6 11. h4 h6 12. Nf4 Re8 13. Ra2 Bh7 14. g5 Nfd7 15. gxh6 Qf6 16. Re2 Qxh6 17.
h5 Na6 18. Rg1 Nf6 19. e4 dxe4 20. Ne6 Qxh5 21. Nxg7 Qh4+ 22. Rf2 Bg6 23. Nxe8 Rxe8 24. Bg5 exf3+ 25. Be2 fxe2 26. Qd2 Qxf2+ 0-1

[Event "*** Titled Tuesday Blitz"]
[Site "Chess.com"]
[Date "2019.12.03"]
[Round "3"]
[White "tteshan"]
[Black "vpantev"]
[Result "0-1"]
[WhiteElo "2344"]
[BlackElo "2593"]
[TimeControl "180+2"]
[EndTime "13:35:35 PST"]
[Termination "vpantev won by resignation"]

1. d4 Nf6 2. c4 e6 3. Nc3 Bb4 4. e3 Nc6 5. Bd3 d6 6. Ne2 O-O 7. a3 Bxc3+ 8. Nxc3 e5 9. d5 Ne7 10. O-O c6 11. e4 Ng6 12. Bc2 cxd5 13. cxd5 Bd7 14. Bg5 h6 15. Bd2 a6 16. Rc1 Rc8 17. Kh1 Bg4 18. f3 Bd7 19. Be3 Qe7 20. Qd2 Nh5 21.
g3 f5 22. exf5 Nh8 23. Ne4 Bxf5 24. g4 Bxe4 25. Bxe4 Nf4 26. Bh7+ Kxh7 27. Rxc8 Rxc8 28. Bxf4 exf4 29. Qd3+ Ng6 30. Qf5 Rf8 0-1

[Event "*** Titled Tuesday Blitz"]
[Site "Chess.com"]
[Date "2019.12.03"]
[Round "3"]
[White "ferdipy"]
[Black "wild_cat99"]
[Result "0-1"]
[WhiteElo "2204"]
[BlackElo "2393"]
[TimeControl "180+2"]
[EndTime "13:35:39 PST"]
[Termination "wild_cat99 won by resignation"]

1. e4 c5 2. Nf3 d6 3. d4 cxd4 4.
Nxd4 Nf6 5. Nc3 a6 6. Be3 e6 7.
g4 b5 8. a3 Bb7 9. f3 Nfd7 10.
Rg1 Be7 11. Nde2 Nb6 12. b3 N8d7 13. Qd2 Rc8 14. g5 Ne5 15. Bg2 h6 16. gxh6 Bh4+ 17. Ng3 gxh6 18. Bxh6 Qf6 19. Bf4 Nec4 20. bxc4 Nxc4 21.
Qd3 Qxf4 22. Ne2 Qf6 23. Rb1 Bg5 24. a4 Bd2+ 25. Kf2 Be3+ 26. Ke1 Bxg1 27. Nxg1 Rxh2 28. Kf1 Qf4 29. N1e2 Ne3+ 30. Ke1 Nxg2+ 31. Kd1 Ne3+ 32. Ke1 Qxf3 33. Qxd6 Rxe2+ 34. Nxe2 Qf1+ 35. Kd2 Nc4+ 36. Kd3 Qf3+ 37. Kd4 Nxd6 0-1

[Event "*** Titled Tuesday Blitz"]
[Site "Chess.com"]
[Date "2019.12.03"]
[Round "3"]
[White "pheonixking2000"]
[Black "rasmussvane"]
[Result "0-1"]
[WhiteElo "2625"]
[BlackElo "2818"]
[TimeControl "180+2"]
[EndTime "13:35:42 PST"]
[Termination "rasmussvane won by resignation"]

1. e4 c6 2. d4 d5 3. e5 Bf5 4. Nd2 e6 5. Nb3 Nd7 6. Be3 Qc7 7. Nf3 a6 8. a4 c5 9. dxc5 Nxc5 10. Nxc5 Bxc5 11. Bxc5 Qxc5 12. Nd4 Qb4+ 13. Qd2 Qxb2 14. Rd1 Ne7 15. Be2 O-O 16. O-O Qb6 17. Rb1 Qc7 18. Qb4 Nc6 19. Nxc6 bxc6 20. Qd6 Qxd6 21. exd6 Bxc2 22.
Rb6 Bxa4 23. f4 Rfd8 24. Ra1 Bb5 25. Bxb5 cxb5 26. Rc1 g6 27. Rc7 a5 28. Rbb7 Rf8 29.
Rxb5 a4 0-1

[Event "*** Titled Tuesday Blitz"]
[Site "Chess.com"]
[Date "2019.12.03"]
[Round "3"]
[White "Quiet_Desperation"]
[Black "visa"]
[Result "1-0"]
[WhiteElo "2483"]
[BlackElo "2249"]
[TimeControl "180+2"]
[EndTime "13:35:43 PST"]
[Termination "Quiet_Desperation won by resignation"]

1. e4 c6 2. d4 d5 3. exd5 cxd5 4. Bd3 Nc6 5. c3 g6 6. Nf3 Bg7 7. h3 Bf5 8. O-O Bxd3 9. Qxd3 Nf6 10. Nbd2 O-O 11. Re1 Qd6 12. Ne5 Nd7 13. Nxd7 Qxd7 14. Nf3 Rfe8 15. Bf4 Qf5 16. Qd2 h5 17. Bh6 Bf6 18.
Re2 Rad8 19. Rae1 Na5 20. b3 Nc6 21. Bg5 a6 22. Bxf6 Qxf6 23. Ne5 Nxe5 24. Rxe5 e6 25. R1e3 Qg7 26. g4 hxg4 27. hxg4 Rd6 28. g5 f6 29.
gxf6 Qxf6 30. Qe2 Kf7 31. Rf3 Rh8 32. Rxf6+ 1-0

[Event "*** Titled Tuesday Blitz"]
[Site "Chess.com"]
[Date "2019.12.03"]
[Round "3"]
[White "Chessmatus"]
[Black "Joshukid"]
[Result "0-1"]
[WhiteElo "2384"]
[BlackElo "2625"]
[TimeControl "180+2"]
[EndTime "13:35:50 PST"]
[Termination "Joshukid won by checkmate"]

1. d4 Nf6 2. c4 e6 3. g3 d5 4. Nf3 dxc4 5. Bg2 Bb4+ 6. Bd2 c5 7.
Bxb4 cxb4 8. Ne5 O-O 9. Nxc4 Nc6 10. e3 e5 11. dxe5 Qxd1+ 12. Kxd1 Ng4 13. Ke2 Ngxe5 14. Nxe5 Nxe5 15. Nd2 Bd7 16. f4 Bb5+ 17. Kf2 Nd3+ 18. Kg1 Nxb2 19. Rb1 Nd3 20. Bxb7 Rab8 21. Be4 Rfe8 22.
Rb3 Nc5 23. Rxb4 Nxe4 24. Rxe4 Rxe4 25. Nxe4 Bc6 26. Nc3 Bxh1 27. Kxh1 Rb2 28. a4 Rc2 29. Nb5 Ra2 30. Nxa7 Rxa4 31. Nc6 Re4 32. Kg2 Rxe3 33.
Ne5 Re2+ 34. Kh3 h5 35. Nf3 f6 36. g4 Re3 37. Kg3 hxg4 38. Kxg4 g6 39. h4 Kf7 40. Nd4 f5+ 41. Kg5 Rg3+ 42. Kh6 Rg4 43. Ne2 Rxh4+ 44.
Kg5 Rh5# 0-1

[Event "*** Titled Tuesday Blitz"]
[Site "Chess.com"]
[Date "2019.12.03"]
[Round "3"]
[White "MFBerna"]
[Black "Mikhail_Golubev"]
[Result "0-1"]
[WhiteElo "2351"]
[BlackElo "2596"]
[TimeControl "180+2"]
[EndTime "13:35:50 PST"]
[Termination "Mikhail_Golubev won by resignation"]

1. d4 Nf6 2. c4 g6 3. Nf3 Bg7 4. g3 O-O 5. Bg2 d6 6. O-O Nc6 7. Nc3 Bf5 8. Bg5 Ne4 9. Nxe4 Bxe4 10. Be3 d5 11. c5 e6 12. Qd2 Bxf3 13. Bxf3 Qf6 14.
Rfd1 Rad8 15. Bg5 Qxd4 16. Bxd8 Rxd8 17. Qc2 Nb4 18. Qa4 Qxc5 19. Rac1 Qb6 20. e4 d4 21. e5 Bxe5 22. a3 Nd5 23. Bxd5 Rxd5 24. Qe8+ Kg7 25. b4 a5 26. f4 Bd6 27. bxa5 Rxa5 28. a4 d3+ 29.
Kg2 Qe3 30. Rb1 Qe2+ 31. Kh1 0-1

[Event "*** Titled Tuesday Blitz"]
[Site "Chess.com"]
[Date "2019.12.03"]
[Round "3"]
[White "LucaBrasi1968"]
[Black "dusanacns"]
[Result "1-0"]
[WhiteElo "2428"]
[BlackElo "2680"]
[TimeControl "180+2"]
[EndTime "13:35:53 PST"]
[Termination "LucaBrasi1968 won by resignation"]

1. d4 Nf6 2. Nf3 g6 3. Bg5 Bg7 4. c3 O-O 5. Nbd2 d6 6. e3 Nbd7 7. Bc4 e5 8. O-O a5 9. a4 Qe7 10. e4 h6 11. Bh4 Nb6 12. Bd3 Bg4 13. h3 Bd7 14. Re1 Rfe8 15. Qc2 Qf8 16. Bg3 Nh5 17. Bh2 Qe7 18. Nc4 Nxc4 19. Bxc4 Bc6 20. Bb5 Bxb5 21.
axb5 c6 22. Qb3 Qc7 23. bxc6 bxc6 24. Qc4 Qb7 25. Ra2 d5 26. exd5 cxd5 27. Qa4 exd4 28. Rxe8+ Rxe8 29. Qxe8+ Kh7 30. Nxd4 Nf6 31. Qb5 Qe7 32.
Ra1 Ne4 33. Qxd5 1-0

[Event "*** Titled Tuesday Blitz"]
[Site "Chess.com"]
[Date "2019.12.03"]
[Round "3"]
[White "Sunrise777"]
[Black "Parhamov"]
[Result "0-1"]
[WhiteElo "2708"]
[BlackElo "3097"]
[TimeControl "180+2"]
[EndTime "13:36:04 PST"]
[Termination "Parhamov won by resignation"]

1. d4 d5 2. c4 e6 3. Nc3 Bb4 4. Nf3 Nf6 5. g3 O-O 6. Bg2 dxc4 7. O-O Nbd7 8. Qc2 a6 9. Nd2 c5 10. dxc5 Bxc5 11. Nxc4 Ra7 12. Bf4 b5 13. Nd6 e5 14.
Nxc8 Qxc8 15. Bg5 b4 16. Bh3 bxc3 17. Bxf6 gxf6 18. Rad1 cxb2 19. Qf5 Rd8 20. Qg4+ Kh8 21. Qh4 Qb8 22. Rxd7 Rdxd7 23. Bf5 Qg8 24. Qxf6+ Qg7 25. Qc6 Rdc7 26. Qe8+ Bf8 0-1

[Event "*** Titled Tuesday Blitz"]
[Site "Chess.com"]
[Date "2019.12.03"]
[Round "3"]
[White "filali-marouan"]
[Black "bait_or_mate"]
[Result "0-1"]
[WhiteElo "2295"]
[BlackElo "2553"]
[TimeControl "180+2"]
[EndTime "13:36:04 PST"]
[Termination "bait_or_mate won on time"]

1. e4 c5 2. Nf3 d6 3. d4 cxd4 4.
Nxd4 Nf6 5. f3 e5 6. Nb3 a5 7. c4 a4 8. N3d2 Be7 9. Nc3 Qa5 10.
Be2 Bd8 11. O-O Bb6+ 12. Kh1 O-O 13. Rb1 Nc6 14. Nb5 Rd8 15. a3 Be6 16. b4 axb3 17. Nxb3 Qa4 18. Qc2 Rac8 19. Bg5 Ne7 20. Rfc1 Ng6 21.
Qd3 Nf4 22. Bxf4 exf4 23. N3d4 Bc5 24. Bd1 Qa5 25. Ne2 Be3 26. Rc2 Qe1+ 0-1

[Event "*** Titled Tuesday Blitz"]
[Site "Chess.com"]
[Date "2019.12.03"]
[Round "3"]
[White "CaptainCasanova"]
[Black "nitpicker"]
[Result "1-0"]
[WhiteElo "2678"]
[BlackElo "2311"]
[TimeControl "180+2"]
[EndTime "13:36:07 PST"]
[Termination "CaptainCasanova won on time"]

1. e4 e6 2. d4 d5 3. Bd3 dxe4 4. Bxe4 Nf6 5. Bf3 c6 6. Ne2 Bd6 7. O-O Qc7 8. h3 b6 9. c4 Bb7 10. Nbc3 Nbd7 11. Bg5 h6 12. Bh4 O-O-O 13. Rc1 g5 14.
Bg3 Rdg8 15. Nb5 cxb5 16. cxb5 Bxg3 17. Nxg3 Nc5 18. dxc5 bxc5 19. b4 c4 20. Qd4 e5 21.
Qxc4 Qxc4 22. Rxc4+ Kb8 23. Bxb7 Kxb7 24. Rc5 Nd7 25. Rd5 Rd8 26. Ne4 f6 27. Rfd1 Kc7 28. Rc1+ Kb8 29. Rc6 f5 30. Ng3 f4 31. Nf5 h5 32. Ng7 Nb6 33. Rxe5 g4 34. Nxh5 1-0

[Event "*** Titled Tuesday Blitz"]
[Site "Chess.com"]
[Date "2019.12.03"]
[Round "3"]
[White "Alexander_Moskalenko"]
[Black "vova-79"]
[Result "1/2-1/2"]
[WhiteElo "2834"]
[BlackElo "2478"]
[TimeControl "180+2"]
[EndTime "13:36:09 PST"]
[Termination "Game drawn by repetition"]

1. e4 e6 2. d4 d5 3. Nc3 dxe4 4. Nxe4 Nd7 5. Nf3 Ngf6 6. Nxf6+ Nxf6 7. g3 b6 8. Bb5+ Bd7 9. Be2 Bc6 10. O-O Bd6 11.
Ne5 Bxe5 12. dxe5 Qxd1 13. Rxd1 Nd7 14. f4 O-O-O 15. Be3 Nb8 16. c4 Rxd1+ 17. Rxd1 Rd8 18. Rc1 Be4 19. b4 Kb7 20. Kf2 g6 21. g4 Nc6 22.
a3 Ne7 23. h3 Bc6 24. b5 Be4 25. a4 c5 26. a5 Kc7 27. a6 Bd3 28. Rd1 Bxe2 29. Rxd8 Kxd8 30. Kxe2 h5 31. Bf2 hxg4 32. hxg4 g5 33. fxg5 Ng6 34. Bg3 Kc7 35. Kf3 Kd7 36.
Ke4 Kc7 37. Bf2 Kb8 38. Be3 Kc7 39. Bd2 Kb8 40. Be1 Kc7 41. Bf2 Kb8 42. Bg3 Kc7 43. Kd3 Kb8 44. Ke2 Kc7 45. Kf2 Kb8 46. Kg2 Kc7 47. Kf3 Kb8 48. Ke2 Kc7 1/2-1/2

[Event "*** Titled Tuesday Blitz"]
[Site "Chess.com"]
[Date "2019.12.03"]
[Round "3"]
[White "vugarrasulov"]
[Black "cool4chess"]
[Result "0-1"]
[WhiteElo "2784"]
[BlackElo "2596"]
[TimeControl "180+2"]
[EndTime "13:36:10 PST"]
[Termination "cool4chess won by resignation"]

1. e4 e5 2. Nf3 Nc6 3. Bb5 a6 4.
Ba4 Nf6 5. O-O Be7 6. Re1 b5 7. Bb3 d6 8. c3 O-O 9. h3 Bb7 10.
d4 Nd7 11. Nbd2 exd4 12. cxd4 Bf6 13. Nf1 Na5 14. Bc2 Re8 15. Ng3 g6 16. a4 c5 17. Bf4 cxd4 18. axb5 axb5 19. Nxd4 Qb6 20. Ndf5 gxf5 21. Nxf5 Nc4 22. Rxa8 Bxa8 23. Nh6+ Kf8 24. Qg4 Nce5 25. Qg8+ Ke7 26. Qxh7 Rh8 27. Qf5 Qc5 28. Bb1 Qb4 29. Rd1 Qxb2 30. Ng4 Rg8 31. Nxf6 Nxf6 32. Bg5 Rg6 33. h4 Qe2 34. Rc1 Bc6 35. h5 Bd7 36. Bxf6+ Rxf6 37. Qg5 Qxf2+ 38. Kh1 Ng4 39. Bd3 Qg3 0-1

[Event "*** Titled Tuesday Blitz"]
[Site "Chess.com"]
[Date "2019.12.03"]
[Round "3"]
[White "goldenspine"]
[Black "shnitez"]
[Result "0-1"]
[WhiteElo "2326"]
[BlackElo "2521"]
[TimeControl "180+2"]
[EndTime "13:36:11 PST"]
[Termination "shnitez won by resignation"]

1. e4 d6 2. d4 Nf6 3. Nc3 e5 4. Nf3 Nbd7 5. Bc4 Be7 6. O-O O-O 7. Re1 c6 8. h3 b5 9. Bd3 Re8 10. Ne2 Bf8 11. Ng3 Bb7 12. c3 a6 13. Qb3 c5 14.
Ng5 d5 15. exd5 Bxd5 16. Bxh7+ Nxh7 17. Qxd5 Nxg5 18. Bxg5 Qxg5 19. Qxd7 Rad8 20. Qa7 exd4 21. Rxe8 Rxe8 22. cxd4 cxd4 23. Qxd4 Bc5 24. Qg4 Qf6 25.
Ne4 Qxb2 26. Re1 Bxf2+ 0-1

[Event "*** Titled Tuesday Blitz"]
[Site "Chess.com"]
[Date "2019.12.03"]
[Round "3"]
[White "beccrajoy"]
[Black "SCIM"]
[Result "0-1"]
[WhiteElo "1782"]
[BlackElo "2504"]
[TimeControl "180+2"]
[EndTime "13:36:12 PST"]
[Termination "SCIM won by checkmate"]

1. e4 e5 2. Nf3 Nc6 3. Bb5 a6 4. Ba4 Nf6 5. Qe2 b5 6. Bb3 Bc5 7. c3 O-O 8. O-O Re8 9. d3 h6 10. Be3 Bf8 11. Rd1 d5 12. Nbd2 Bg4 13. exd5 Nxd5 14.
Nf1 Nf4 15. Qd2 Qf6 16. Bxf4 exf4 17. Bd5 Rad8 18. c4 Bb4 19. Qc2 Rxd5 20. cxd5 Bxf3 21. dxc6 Qg5 22. g3 Re2 23. Qb3 Bc5 24. d4 fxg3 25.
Qxf3 gxf2+ 26. Kh1 Qg1# 0-1

[Event "*** Titled Tuesday Blitz"]
[Site "Chess.com"]
[Date "2019.12.03"]
[Round "3"]
[White "2nd_life"]
[Black "Misticpikachu"]
[Result "1-0"]
[WhiteElo "2477"]
[BlackElo "2289"]
[TimeControl "180+2"]
[EndTime "13:36:15 PST"]
[Termination "2nd_life won by resignation"]

1. e4 c5 2. Nf3 Nc6 3. Bb5 e6 4. Bxc6 bxc6 5. b3 Ne7 6. Bb2 Ng6 7. O-O d6 8. c3 e5 9. d4 cxd4 10. cxd4 Bg4 11. dxe5 Nxe5 12. Nbd2 Be7 13. Bxe5 dxe5 14. Qc2 Qd6 15. Nc4 Qc5 16. Nfxe5 Be6 17. Rad1 O-O 18.
Nd7 Bxd7 19. Rxd7 Rfd8 20. Rfd1 Rxd7 21. Rxd7 Rd8 22. Rxd8+ Bxd8 23. Qd3 Bb6 24. Nxb6 Qxb6 25. g3 g6 26. h4 h5 27. e5 c5 28. Qd5 Kg7 29. Kg2 Qb4 30. e6 fxe6 31. Qxe6 Qb7+ 32. Kh2 Qf3 33. Qe5+ Kh6 34. Qxc5 a5 35. Qe3+ 1-0

[Event "*** Titled Tuesday Blitz"]
[Site "Chess.com"]
[Date "2019.12.03"]
[Round "3"]
[White "DanielNaroditsky"]
[Black "sergeikim"]
[Result "1-0"]
[WhiteElo "2988"]
[BlackElo "2490"]
[TimeControl "180+2"]
[EndTime "13:36:22 PST"]
[Termination "DanielNaroditsky won by resignation"]

1. d4 Nf6 2. Nc3 d5 3. Bf4 Bf5 4. e3 e6 5. Nf3 h6 6. Ne5 a6 7. Bd3 Bh7 8. Bxh7 Nxh7 9. O-O Nd7 10. e4 c6 11. Re1 Nhf6 12. Nxd7 Qxd7 13. Be5 Be7 14. Qf3 O-O 15. Rad1 b5 16. Qg3 a5 17. h3 a4 18. a3 Kh8 19. Qf3 Rad8 20. Rd3 Rde8 21.
Rde3 Bd8 22. Qg3 Rg8 23. Rf3 dxe4 24. Nxe4 Nxe4 25. Rxe4 f6 26. Bf4 f5 27. Re1 Qxd4 28. Be5 Qd2 29. Bc3 Qxc2 30. Qg6 Bg5 31. Rg3 1-0

[Event "*** Titled Tuesday Blitz"]
[Site "Chess.com"]
[Date "2019.12.03"]
[Round "3"]
[White "Frolik67"]
[Black "MatthewG-p4p"]
[Result "0-1"]
[WhiteElo "2546"]
[BlackElo "2766"]
[TimeControl "180+2"]
[EndTime "13:36:26 PST"]
[Termination "MatthewG-p4p won by checkmate"]

1. e4 e6 2. d4 d5 3. exd5 exd5 4.
Nf3 Nf6 5. Bd3 c5 6. c3 Nc6 7.
O-O Be7 8. Bf4 O-O 9. Nbd2 Bg4 10. h3 Bh5 11. dxc5 Bxc5 12. Nb3 Bb6 13. Be2 Re8 14.
Re1 Ne4 15. Nfd4 Bg6 16. Bf3 Qf6 17. Be3 Rad8 18. Qe2 Ne5 19. Rad1 Nc4 20. Nc1 h6 21. Nd3 Kh7 22. Qf1 Nxe3 23. fxe3 Bc7 24. Nf2 Qd6 25. Ng4 a6 26. Bxe4 Rxe4 27. Nf5 Qb6 28. Nd4 Rde8 29. Qf3 Qxb2 30. Re2 Qxc3 31. Rc2 Qa5 32. Rb1 Rxd4 33.
exd4 Bxc2 34. Qxf7 Re1+ 35. Kf2 Qd2+ 36. Kf3 Be4# 0-1